 Dungeon Sprint DCSS version 0.23-a0-307-gc3b755d (webtiles) character file.

693 Flooderbenga the Spear-Bearer (level 7, -18/56 HPs)
             Began as an Octopode Gladiator on Oct 10, 2018.
             Was an Initiate of Okawaru.
             Killed by drain life
             ... invoked by a soul eater
             ... summoned by a kobold demonologist
              (20 damage)
             ... in the Dungeon (Sprint I: "Red Sonja").
             The game lasted 00:15:19 (531 turns).

Flooderbenga the Spear-Bearer (Octopode Gladiator)   Turns: 531, Time: 00:15:19

Health: -18/56     AC:  1    Str: 14    XL:     7   Next: 64%
Magic:  3/7        EV: 18    Int: 10    God:    Okawaru [......]
Gold:   119        SH:  0    Dex: 15    Spells: 6/6 levels left

rFire    . . .     SeeInvis .   a - +0 trident
rCold    . . .     Gourm    .   (no shield)
rNeg     . . .     Faith    .   b - +0 hat
rPois    .         Spirit   .   (no amulet)
rElec    .         Reflect  .   (no ring)
rCorr    .         Harm     .   (no ring)
MR       .....     NoTele   +   (no ring)
Stlth    ++........             (no ring)
HPRegen  0.18/turn              (no ring)
MPRegen  0.10/turn              (no ring)
                                (no ring)
                                (no ring)

@: berserk cooldown, flying, very slightly contaminated, hasted and slowed
A: almost no armour, stealthy swim, amphibious, 8 rings, constrict 8, camouflage
1, gelatinous body 1
a: Renounce Religion


You were in the Dungeon.
You worshipped Okawaru.
Okawaru was noncommittal.
You were not hungry.

You visited 1 branch You collected 405 gold pieces.
You spent 286 gold pieces at shops.

Inventory:

Hand Weapons
 a - a +0 trident (weapon)
 e - a +2 dagger of venom
 o - a +0 scythe
Missiles
 n - 20 stones (quivered)
Armour
 b - a +0 hat (worn)
Potions
 h - 2 potions of magic
 q - 2 potions of curing {@q1}
Comestibles
 d - a ration


   Skills:
 + Level 8.4 Fighting
 * Level 9.4 Polearms
 - Level 8.0 Throwing
 - Level 8.3 Dodging


You had 6 spell levels left.
You didn't know any spells.
Your spell library was empty.

Dungeon Overview and Level Annotations

Branches:
Dungeon (1/1)

Altars:
Cheibriados
Dithmenos
Elyvilon
Fedhas
Gozag
Hepliaklqana
Kikubaaqudgha
Makhleb
Nemelex Xobeh
Okawaru
Qazlal
Ru
Sif Muna
Trog
Uskayaw
Vehumet
Wu Jian
Xom
Yredelemnul
Zin
The Shining One
Jiyva
Lugonu

Shops:
D !


Innate Abilities, Weirdness & Mutations

You cannot wear most types of armour.
You are very stealthy in the water. (Stealth+)
You are amphibious.
You can wear up to eight rings at the same time.
You can use your tentacles to constrict eight enemies at once.
Your skin changes colour to match your surroundings (Stealth+).
Your rubbery body absorbs attacks. (AC +1, EV +1)


Message History

The soul eater draws from the surrounding life force!
* * * LOW HITPOINT WARNING * * *
You take 5 damage, and have 2/56 hp.
You feel yourself speed up.
The chaos spawn degenerates into a cloud of primal chaos!
The crimson imp is engulfed in seething chaos.
The crimson imp seems to slow down.
The crimson imp blinks!
Attack whom?
Okay, then.
Unknown command.
Unknown command.
Unknown command.
Unknown command.
Unknown command.
Attack whom?
Aim: a kobold demonologist, wielding a dagger and wearing a robe (heavily You reach to attack!
You closely miss the kobold demonologist.
The soul eater draws from the surrounding life force!
You die...

#########################
#<.#..5..#.3K..#__#..'...
#..[..#.@'K.#..'.4'KK#
#..#####'#####'#__####
#..####..#...#.####
#..#__####..##)#
#..#_____##'#_.+
#⌠⌠#_.∩...÷..._#
####_..__##_.#+#
#_____###+# #######


You could see a soul eater, 2 kobold demonologists and a crimson imp.

Vanquished Creatures
  Sigmund (D)
  A slime creature (D)
  A yak (D)
  A floating eye (D)
  An ogre (D)
  A jelly (D)
  Ijyb (D)
7 creatures vanquished.

Notes
Turn   | Place    | Note
-------+----------+-------------------------------------------
     0 | D        | Flooderbenga the Octopode Gladiator began the quest for the
                  | Orb.
     0 | D        | Reached XP level 1. HP: 14/14 MP: 1/1
     1 | D        | Noticed Ijyb
    10 | D        | Killed Ijyb
    10 | D        | Reached skill level 4 in Polearms
    10 | D        | Reached XP level 2. HP: 21/21 MP: 2/2
    10 | D        | Reached XP level 3. HP: 26/26 MP: 3/3
    21 | D        | Noticed an ogre
    27 | D        | Killed an ogre
    27 | D        | Reached skill level 5 in Polearms
    27 | D        | Reached skill level 5 in Dodging
    27 | D        | Reached XP level 4. HP: 34/34 MP: 4/4
    68 | D        | Noticed Sigmund
    78 | D        | Killed Sigmund
    78 | D        | Reached skill level 6 in Polearms
    78 | D        | Reached XP level 5. HP: 42/42 MP: 5/5
    78 | D        | Reached XP level 6. HP: 47/47 MP: 6/6
    90 | D        | Found a deep blue altar of Sif Muna.
    91 | D        | Found an ornate altar of the Wu Jian Council.
    99 | D        | Found a radiant altar of Vehumet.
   104 | D        | Reached skill level 7 in Polearms
   119 | D        | Found Urul's Distillery.
   119 | D        | Found an ancient bone altar of Kikubaaqudgha.
   119 | D        | Found a hazy altar of Hepliaklqana.
   119 | D        | Found a hide-covered altar of Uskayaw.
   119 | D        | Found a basalt altar of Yredelemnul.
   119 | D        | Found an opulent altar of Gozag.
   119 | D        | Found a snail-covered altar of Cheibriados.
   119 | D        | Found a sacrificial altar of Ru.
   119 | D        | Found a shadowy altar of Dithmenos.
   119 | D        | Noticed a yak
   127 | D        | Killed a yak
   127 | D        | Reached XP level 7. HP: 54/54 MP: 7/7
   128 | D        | Found a stormy altar of Qazlal.
   128 | D        | Found a blossoming altar of Fedhas.
   128 | D        | Found a bloodstained altar of Trog.
   128 | D        | Found an iron altar of Okawaru.
   128 | D        | Found a glowing golden altar of the Shining One.
   128 | D        | Found a glowing silver altar of Zin.
   128 | D        | Found a white marble altar of Elyvilon.
   131 | D        | Found a sparkling altar of Nemelex Xobeh.
   135 | D        | Bought a potion of lignification for 39 gold pieces
   135 | D        | Bought a potion of degeneration for 13 gold pieces
   136 | D        | Bought a potion of heal wounds for 65 gold pieces
   136 | D        | Bought a potion of berserk rage for 65 gold pieces
   136 | D        | Bought a potion of invisibility for 104 gold pieces
   137 | D        | Became a worshipper of Warmaster Okawaru
   151 | D        | Found a viscous altar of Jiyva.
   151 | D        | Found a corrupted altar of Lugonu.
   151 | D        | Noticed a slime creature
   162 | D        | Found a burning altar of Makhleb.
   162 | D        | Found a shimmering altar of Xom.
   179 | D        | HP: 2/81 [slime creature (9)]
   180 | D        | Killed a slime creature
   180 | D        | Reached skill level 8 in Polearms
   488 | D        | Noticed a kobold demonologist
   489 | D        | Noticed a hellwing
   490 | D        | Noticed a kobold demonologist
   494 | D        | Reached skill level 9 in Polearms
   509 | D        | Noticed a chaos spawn
   527 | D        | Noticed a soul eater
   529 | D        | HP: 2/56 [soul eater/drain life[a kobold demonologist] (6)]
   531 | D        | Killed from afar by a soul eater

Vault maps used:
D:        dungeon_sprint_1

Skill      XL: |  1  2  3  4  5  6  7 |
---------------+----------------------+-----
Fighting       | 3 4 6 7 8 |  8.4
Polearms       | 4 5 6 7 9 |  9.4
Throwing       | 3 4 6 7 8 |  8.0
Dodging        | 4 5 6 7 8 |  8.3

Action                   |  1- 3 |  4- 6 |  7- 9 || total
-------------------------+-------+-------+-------++-------
Melee: Trident           |    10 |    18 |    44 ||    72
       Tentacles         |     4 |     3 |     7 ||    14
       Constrict         |     1 |       |     1 ||     2
Throw: Throwing net      |     3 |     2 |       ||     5
       Stone             |       |       |     2 ||     2
  Use: Potion            |     1 |       |     7 ||     8
       Scroll            |       |       |     1 ||     1
 Stab: Held in net/web   |     1 |     2 |       ||     3
       Sleeping          |       |     2 |       ||     2
Armor: Skin              |       |       |     2 ||     2
Dodge: Dodged            |     4 |     2 |    36 ||    42

Table legend:
 A = Non-vault XP
 B = Vault XP
 C = Vault XP percentage of total XP
 D = Non-vault monster count
 E = Vault monster count
 F = Vault count percentage of total count
                 A         B        C        D         E       F
            +---------+---------+-------+---------+---------+-------
      Total |       0 |     991 | 100.0 |       0 |       7 | 100.0
            +---------+---------+-------+---------+---------+-------
          D |       0 |     991 | 100.0 |       0 |       7 | 100.0
            +---------+---------+-------+---------+---------+-------
